 Dungeon Crawl Stone Soup version 0.26-a0-651-gb41185065b (webtiles) character file.

Game seed: 16260109553837782106

49 Flugslaktarn the Shield-Bearer (level 3, -3/34 HPs)
             Began as a Deep Dwarf Fighter on Oct 6, 2020.
             Slain by an ogre
             ... wielding a +0 giant club
              (19 damage)
             ... on level 4 of the Dungeon.
             The game lasted 00:00:20 (375 turns).

Flugslaktarn the Shield-Bearer (Deep Dwarf Fighter)  Turns: 375, Time: 00:00:20

Health: -3/34      AC:  8    Str: 20    XL:     3   Next: 51%
Magic:  3/3        EV:  7    Int:  8    God:
Gold:   23         SH:  9    Dex: 12    Spells: 2/2 levels left

rFire    . . .     SeeInvis .   a - +0 war axe
rCold    . . .     Faith    .   c - +0 kite shield
rNeg     . . .     Spirit   .   b - +0 scale mail
rPois    .         Reflect  .   j - +0 helmet
rElec    .         Harm     .   (no cloak)
rCorr    .         Rampage  .   (no gloves)
MR       .....                  (no boots)
Stlth    ..........             (no amulet)
HPRegen  0.00/turn              (no ring)
MPRegen  0.08/turn              (no ring)

@: non-regenerating
A: damage resistance, heal wounds, sense surroundings 1, no regeneration
a: Heal Wounds


You were on level 4 of the Dungeon.
You visited 1 branch of the dungeon, and saw 4 of its levels.

You collected 23 gold pieces.

Inventory:

Hand Weapons
 a - a +0 war axe (weapon)
Armour
 b - a +0 scale mail (worn)
 c - a +0 kite shield (worn)
 j - a +0 helmet (worn)
   (You took it off Robin on level 2 of the Dungeon)
Jewellery
 k - an uncursed ring of fire {unknown}
   (You found it on level 1 of the Dungeon)
Scrolls
 g - a scroll of magic mapping {unknown}
 h - 2 scrolls of remove curse {unknown}
 m - a scroll of identify {unknown}
 n - a scroll of noise {unknown}
Potions
 d - a potion of might
 e - a potion of brilliance {unknown}
 f - 2 potions of curing {unknown}
 i - a potion of heal wounds {unknown}
 l - a potion of stabbing {unknown}


   Skills:
 * Level 3.2 Fighting
 * Level 3.0 Axes
 + Level 3.6 Armour
 + Level 3.6 Shields


You had 2 spell levels left.
You didn't know any spells.
Your spell library was empty.

Dungeon Overview and Level Annotations

Branches:
Dungeon (4/15)             Temple (0/1) D:4

Altars:


Innate Abilities, Weirdness & Mutations

You are resistant to damage.
You can heal yourself by infusing magical energy.
You passively map a small area around you.
You do not regenerate.


Message History

An ogre comes into view. It is wielding a +0 giant club.
The ogre shouts!
The ogre moves out of view.
Found 7 gold pieces.
An ogre is nearby!
An ogre is nearby!
You hit the ogre but do no damage.
The ogre hits you with a +0 giant club!!
Ouch! That really hurt!
* * * LOW HITPOINT WARNING * * *
You are too injured to fight recklessly!
You are too injured to fight recklessly!
You are too injured to fight recklessly!
You are too injured to fight recklessly!
You are too injured to fight recklessly!
You are too injured to fight recklessly!
You feel much better.
The ogre hits you with a +0 giant club!!
Ouch! That really hurt!
You die...

* , * ... * # , .( *
* * , #. *,.. *
##.#######. ,** * #.
....... ,, #..#.#
#.##########* ,
#..#.###.O.....!...,
,
#.........@........
#.##...........###
#.#########$# ,, #.#
# , #.# #.# #.#####
#.### * #.....#
##.).# ###.#
#.###.####.... ,
...# #........#..#
....


You could see an ogre.

Vanquished Creatures
  Robin (D:2)
  An adder (D:4)
  A leopard gecko (D:2)
  3 giant cockroaches
  11 goblins
  2 hobgoblins (D:2)
  2 kobolds
  A quokka (D:3)
  A leopard gecko skeleton (D:4)
  A rat (D:2)
24 creatures vanquished.

Notes
Turn   | Place    | Note
-------+----------+-------------------------------------------
     0 | D:1      | Flugslaktarn the Deep Dwarf Fighter began the quest for the
                  | Orb.
     0 | D:1      | Reached XP level 1. HP: 20/20 MP: 1/1
   125 | D:2      | Noticed Robin
   132 | D:2      | Reached XP level 2. HP: 24/27 MP: 2/2
   140 | D:2      | Killed Robin
   140 | D:2      | Reached XP level 3. HP: 19/34 MP: 3/3
   368 | D:4      | Noticed an ogre
   374 | D:4      | HP: 1/34 [ogre/+0 giant club (25)]
   375 | D:4      | Slain by an ogre

Illustrated notes

Levels and vault maps discovered:
D:1:      lordsloth_arrival_two_stooges, layout_basic
D:2:      layout_rooms, minmay_tromino_i4, uniq_robin
D:3:      layout_basic, grunt_dithmenos_smoke_and_mirrors,
          overflow_temple_1_default, gammafunk_ghost_stat_death,
          minmay_misc_feat_roman, fedhas_altar_3
D:4:      layout_loops_ring, minmay_temple_entry_slanted,
          chequers_serial_rivers_small_b, uniq_eustachio

Skill      XL: |  1  2  3 |
---------------+----------+-----
Fighting       | 3 |  3.2
Axes           | 3 |  3.0
Armour         | |  3.6
Shields        | |  3.6

Action                   || total
-------------------------++-------
Melee: War axe           ||    32
 Abil: Heal Wounds       ||     2
Armor: Scale mail        ||    29
Dodge: Dodged            ||    22
Block: Kite shield       ||    26

Table legend: (Time is in decaauts)
 A = Elapsed time spent in this place.
 B = Non-inter-level travel time spent in this place.
 C = Inter-level travel time spent in this place.
 D = Time resting spent in this place.
 E = Time spent auto-exploring this place.
 F = Levels seen in this place.
 G = Mean time per level.
                   A        B        C        D        E       F      G
               +--------+--------+--------+--------+--------+-----+--------+
         Total |    395 |    291 |    104 |      0 |    182 |   4 |   98.8 |
       Dungeon |    395 |    291 |    104 |      0 |    182 |   4 |   98.8 |
               +--------+--------+--------+--------+--------+-----+--------+

Top non-repeatable levels by time:
     D:1: 141 daAuts
     D:3: 112 daAuts
     D:2: 95 daAuts
     D:4: 46 daAuts
